 Dungeon Crawl Stone Soup version 0.23.1 (webtiles) character file.

Game seed: 5839557906459794583

25 esteth the Ruffian (level 3, -1/28 HPs)
             Began as a Hill Orc Transmuter on Mar 7, 2019.
             Slain by a worm (4 damage)
             ... on level 1 of the Dungeon.
             The game lasted 00:02:39 (1087 turns).

esteth the Ruffian (Hill Orc Transmuter)            Turns: 1087, Time: 00:02:40

Health: -1/28      AC:  5    Str: 12    XL:     3   Next: 4%
Magic:  2/5        EV: 10    Int: 14    God:
Gold:   83         SH:  0    Dex: 11    Spells: 4/5 levels left

rFire    . . .     SeeInvis .     - Unarmed
rCold    . . .     Gourm    .   (no shield)
rNeg     . . .     Faith    .   g - +0 ring mail
rPois    .         Spirit   .   (no helmet)
rElec    .         Reflect  .   (no cloak)
rCorr    .         Harm     .   (no gloves)
MR       .....                  (boots currently unavailable)
Stlth    +.........             (no amulet)
HPRegen  0.09/turn              (no ring)
MPRegen  0.09/turn              (no ring)

@: appendage (expiring)
A: talons 3
a: End Transformation


You were on level 1 of the Dungeon.
You were hungry.
You had grown temporary talons.
You visited 1 branch of the dungeon, and saw 2 of its levels.

You collected 83 gold pieces.

Inventory:

Missiles
 a - 12 arrows
Armour
 b - a +0 robe
 g - a +0 ring mail (worn)
Jewellery
 k - an uncursed ring of poison resistance {unknown}
Scrolls
 c - a scroll of random uselessness {unknown}
 e - 2 scrolls of teleportation
 f - a scroll of identify {unknown}
 h - a scroll of amnesia {unknown}
 j - a scroll of fear {unknown}
Potions
 i - a potion of curing {unknown}
Comestibles
 d - 3 rations


   Skills:
 - Level 1.2 Fighting
 - Level 1.5 Dodging
 - Level 3.2 Unarmed Combat
 - Level 1.5 Spellcasting
 + Level 2.5 Transmutations


You had 4 spell levels left.
You knew the following spells:

 Your Spells              Type           Power        Failure   Level  Hunger
a - Beastly Appendage     Tmut           #.....       21%         1    ##.....

Your spell library contained the following spells:

 Spells                   Type           Power        Failure   Level  Hunger
 Sticks to Snakes         Tmut           #.......     30%         2    ###....
 Spider Form              Tmut/Pois      #.........   71%         3    ####...
 Ice Form                 Ice/Tmut       #.......     98%         4    #####..
 Blade Hands              Tmut           #.........   99%         5    ######.


Dungeon Overview and Level Annotations

Branches:
Dungeon (2/15)

Altars:


Innate Abilities, Weirdness & Mutations

You have claws for feet.


Message History

The worm bites you.
You barely miss the worm.
The worm is moderately wounded.
You barely miss the worm.
The worm is moderately wounded.
The worm bites you.
* * * LOW HITPOINT WARNING * * *
You hit the worm. You claw the worm.
The worm is heavily wounded.
You barely miss the worm. You claw the worm.
The worm is severely wounded.
Your transformation is almost over.
The worm bites you.
* * * LOW HITPOINT WARNING * * *
You hit the worm.
The worm is severely wounded.
You hit the worm but do no damage. You claw the worm, but do no damage.
The worm is severely wounded.
The worm bites you.
You die...

..###....#
#..........##.##.#.#.#
........##
#........##......#.#.#
#.......#
##......###....#####.#
#.......##########.#
#....# #...#
#.......##.......#.#
#....###.#.#
..............##.#.#
#...........
................>#.#
#.......###.
........##.##.##w#.#
#.......#..#
........##.##.##@#.#
#####..#.##.
.###.#####.##.##.#.#
#..#.##. .#
#......(##.##...#
#..##..# .#
##########.###..#
##...### .## #......#
###....
..###############..#
#####
...................#
≈≈≈P...P≈≈≈≈≈≈≈≈P..#
≈≈≈≈...≈≈≈≈≈≈≈≈≈≈..#


You could see a worm.

Vanquished Creatures
  An ooze (D:1)
  2 dart slugs
  A giant cockroach (D:1)
  3 goblins (D:1)
  3 hobgoblins
  A jackal (D:1)
  A kobold (D:1)
  2 bats (D:1)
  A frilled lizard (D:1)
15 creatures vanquished.

Notes
Turn   | Place    | Note
-------+----------+-------------------------------------------
     0 | D:1      | esteth the Hill Orc Transmuter began the quest for the Orb.
     0 | D:1      | Reached XP level 1. HP: 16/16 MP: 3/3
   208 | D:1      | Reached XP level 2. HP: 14/23 MP: 4/4
  1018 | D:2      | Noticed an ice beast
  1071 | D:2      | Reached XP level 3. HP: 28/28 MP: 2/5
  1087 | D:1      | Slain by a worm

Skill      XL: |  1 |
---------------+----+-----
Transmutations | 2 |  2.5
Fighting       | |  1.2
Dodging        | |  1.5
Unarmed Combat | |  3.2
Spellcasting   | |  1.5

Action                   || total
-------------------------++-------
Melee: Unarmed           ||    70
       Kick              ||     6
       Headbutt          ||     1
 Cast: Beastly Appendage ||     6
  Use: Scroll            ||     1
Armor: Robe              ||    10
       Ring mail         ||    15
Dodge: Dodged            ||    31
